 Dungeon Crawl Stone Soup version 0.22-a0-775-ga7d80019b5 (webtiles) character file.

140 PikkenKukken the Skirmisher (level 5, 0/46 HPs)
             Began as a Draconian Fighter on July 18, 2018.
             Killed by divine providence
             ... invoked by an orc priest
              (14 damage)
             ... on level 3 of the Dungeon.
             The game lasted 00:05:15 (2937 turns).

PikkenKukken the Skirmisher (Draconian Fighter)     Turns: 2937, Time: 00:05:16

Health: 0/46       AC:  7    Str: 18    XL:     5   Next: 2%
Magic:  5/5        EV: 11    Int:  9    God:
Gold:   163        SH: 10    Dex: 11    Spells: 4/4 levels left

rFire    + . .     SeeInvis +   a - +0 rapier
rCold    + . .     Gourm    .   b - +1 shield
rNeg     . . .     Faith    .   (armour unavailable)
rPois    .         Spirit   .   (helmet restricted)
rElec    .         Reflect  .   l - scarf {rC+ rF+}
rCorr    .         Harm     .   (no gloves)
MR       .....                  (no boots)
Stlth    +.........             (no amulet)
HPRegen  0.15/turn              g - ring of see invisible
MPRegen  0.09/turn              j - +2 ring of protection

@: slowed, very slow
A: unfitting armour, cold-blooded, AC +5
a: no special abilities


You were on level 3 of the Dungeon.
You were hungry.

You visited 1 branch of the dungeon, and saw 3 of its levels.

You collected 163 gold pieces.

Inventory:

Hand Weapons
 a - a +0 rapier (weapon)
Armour
 b - a +1 shield (worn)
 l - a scarf of resistance (worn)
Jewellery
 g - a ring of see invisible (left hand)
 j - a +2 ring of protection (right hand)
Scrolls
 n - a scroll of remove curse
Potions
 c - a potion of might
 e - a potion of curing
 h - a potion of haste {unknown}
 i - a potion of cancellation
 k - 3 potions of heal wounds
 m - a potion of agility {unknown}
Comestibles
 d - 12 rations


   Skills:
 + Level 4.2 Fighting
 + Level 3.0 Short Blades
 + Level 3.5 Dodging
 + Level 3.8 Shields


You had 4 spell levels left.
You didn't know any spells.
Your spell library was empty.

Dungeon Overview and Level Annotations

Branches:
Dungeon (3/15)

Altars:
Gozag


Innate Abilities, Weirdness & Mutations

Your plain brown scales are hard. (AC +5)
You cannot fit into any form of body armour.
You are cold-blooded and may be slowed by cold attacks.


Message History

You tail-slap the orc priest, but do no damage.
The orc priest is heavily wounded.
The orc wizard hits you with a dagger. The orc priest barely misses you.
The orc wizard hits you but does no damage.
You closely miss the orc priest.
You tail-slap the orc priest, but do no damage.
The orc priest is heavily wounded.
The orc wizard barely misses you. The orc priest hits you with a dagger.
You block the orc wizard's attack. You block the orc priest's attack.
The orc wizard hits you but does no damage.
You hit the orc priest but do no damage.
You tail-slap the orc priest, but do no damage.
The orc priest is heavily wounded.
The orc wizard gestures at you while chanting.
The magic dart hits you! The orc priest closely misses you.
The orc wizard casts a spell at you. The magic dart hits you!
The orc priest invokes the aid of Beogh against you.
Beogh smites you!
You die...

.#.#.###
#.#........#
#
..#######.##
.# ######
###.## ..
....# #....#
.# ...#
#.#### .#
#..# #.# .#
#..# #.#
#..###.#
#.o@o..#
#.....######
######


You could see an orc priest and an orc wizard.

Vanquished Creatures
  Jessica (D:2)
  An orc wizard (D:3)
  A gnoll (D:3)
  An adder (D:2)
  A worm (D:2)
  A dart slug (D:2)
  A leopard gecko (D:3)
  5 orcs
  4 ball pythons
  3 giant cockroaches
  9 goblins
  5 hobgoblins
  2 quokkas
  4 bats
  4 frilled lizards
  9 kobolds
  8 rats
60 creatures vanquished.

Notes
Turn   | Place    | Note
-------+----------+-------------------------------------------
     0 | D:1      | PikkenKukken the Draconian Fighter began the quest for the Orb.
     0 | D:1      | Reached XP level 1. HP: 19/19 MP: 1/1
   257 | D:1      | Reached XP level 2. HP: 21/26 MP: 2/2
  1024 | D:2      | Reached XP level 3. HP: 27/33 MP: 3/3
  1264 | D:2      | Noticed Jessica
  1272 | D:2      | Killed Jessica
  1385 | D:2      | Reached XP level 4. HP: 40/40 MP: 4/4
  1405 | D:2      | Reached skill level 4 in Fighting
  1964 | D:3      | Found an opulent altar of Gozag.
  2632 | D:3      | Reached XP level 5. HP: 34/46 MP: 5/5
  2937 | D:3      | Killed from afar by an orc priest

Vault maps used:
D:1:      onia_arrival_handbag
D:2:      uniq_jessica
D:3:      grunt_gozag_breadcrumbs, first_ration, kennysheep_generic_room_12

Skill      XL: |  1  2  3  4 |
---------------+-------------+-----
Dodging        | 3 |  3.5
Fighting       | 4 |  4.2
Short Blades   | 3 |  3.0
Shields        | |  3.8

Action                   |  1- 3 |  4- 6 || total
-------------------------+-------+-------++-------
Melee: Rapier            |    68 |   112 ||   180
       Tailslap          |     5 |    17 ||    22
  Use: Scroll            |     6 |     3 ||     9
       Potion            |       |     1 ||     1
 Stab: Sleeping          |       |     2 ||     2
  Eat: Chunk             |     1 |     5 ||     6
Armor: Skin              |    15 |    43 ||    58
Dodge: Dodged            |    20 |    76 ||    96
Block: Shield            |    16 |    94 ||   110

Table legend:
 A = Spawn XP
 B = Non-spawn XP
 C = Spawn XP percentage of total XP
 D = Spawn monster count
 E = Non-spawn monster count
 F = Spawn count percentage of total count
 G = Total turns spent on level
                    A         B        C        D         E        F      G
               +---------+---------+-------+---------+---------+-------+---------
         Total |       0 |     201 |   0.0 |       0 |      60 |   0.0 |  2937
               +---------+---------+-------+---------+---------+-------+---------
           D:1 |       0 |      17 |   0.0 |       0 |      13 |   0.0 |   700
           D:2 |       0 |      98 |   0.0 |       0 |      28 |   0.0 |  1530
           D:3 |       0 |      86 |   0.0 |       0 |      19 |   0.0 |   707
               +---------+---------+-------+---------+---------+-------+---------
